Map: Magannatha LE

Players

Tuxer - Winner!

  • Race: Protoss Protoss
  • League: Master
  • Spawn Location: 5:00

ManlyManMeat

  • Race: Zerg Zerg
  • League: Diamond
  • Spawn Location: 11:00

VOD

Have the link to the VOD?

Description

Time

  • Played on: July 12, 2025, 8:57 a.m.
  • Length: 12:19
Show
View Real Time Build Order
Export as new Build Order

Tuxer Protoss - Winner!

Build Orders: 1 Gate Expand, Double Forge 

Get SALT Encoding   

  12  0:00  Probe  
  13  0:12  Probe  
  14  0:24  Pylon  
  14  0:25  Probe  
  15  0:42  Probe  
  16  0:44  Gateway  
  16  0:50  Probe  
  16  0:55  Assimilator  
  17  0:58  Probe  
  18  1:06  Pylon  
  18  1:08  Probe  
  18  1:32  Nexus  
  18  1:37  Zealot  
  20  1:50  Cybernetics Core  
  20  1:52  Probe  
  20  2:00  Probe  
  22  2:09  Probe, Zealot  
  22  2:12  Warp Gate  
  25  2:17  Assimilator  
  25  2:29  Pylon  
  25  2:34  Pylon  
  25  2:38  Probe  
  26  2:44  Sentry  
  26  2:48  Probe  
  26  2:51  Probe  
  30  3:00  Probe  
  30  3:03  Probe  
  30  3:04  Gateway  
  32  3:08  Gateway  
  33  3:12  Probe  
  33  3:15  Probe, Stalker  
  36  3:25  Probe  
  37  3:27  Probe  
  38  3:37  Probe  
  38  3:38  Robotics Facility  
  38  3:40  Probe  
  40  3:52  Probe x2  
  42  4:02  Forge x2  
  42  4:04  Probe  
  42  4:05  Pylon  
  42  4:06  Sentry  
  42  4:08  Stalker  
  47  4:11  Probe  
  47  4:13  Assimilator  
  47  4:16  Assimilator  
  48  4:17  Probe  
  48  4:21  Protoss Ground Weapons Level 1  
  48  4:23  Immortal  
  49  4:32  Protoss Ground Armor Level 1  
  53  4:44  Probe x2  
  55  4:55  Stalker, Zealot x2  
  55  4:56  Probe x2  
  63  5:02  Immortal  
  63  5:08  Probe x2  
  69  5:30  Robotics Bay  
  69  5:34  Pylon  
  69  5:36  Pylon  
  69  5:37  Probe  
  69  5:41  Pylon  
  69  5:42  Pylon  
  70  5:44  Pylon  
  70  5:52  Probe x2  
  70  5:53  Immortal  
  76  6:13  Gateway  
  76  6:14  Stalker x3  
  82  6:20  Shield Battery  
  82  6:25  Colossus  
  82  6:30  Gateway  
  82  6:32  Probe  
  89  6:38  Twilight Council  
  89  6:40  Gateway  
  89  6:52  Nexus  
  89  6:56  Extended Thermal Lance  
  89  7:00  Protoss Ground Armor Level 2  
  89  7:06  Protoss Ground Weapons Level 2  
  89  7:10  Stalker x3  
  89  7:11  Stalker  
  97  7:26  Colossus  
  97  7:30  Probe x2  
  105  7:41  Pylon  
  105  7:42  Probe  
  105  7:43  Charge  
  106  7:46  Probe  
  107  7:54  Probe  
  107  7:56  Pylon  
  108  7:58  Pylon, Probe  
  108  8:03  Sentry, Stalker  
  113  8:06  Stalker  
  113  8:10  Probe  
  113  8:11  Probe  
  117  8:15  Assimilator  
  117  8:17  Stalker  
  119  8:20  Observer  
  120  8:27  Colossus  
  120  8:35  Probe x3  
  120  8:37  Assimilator  
  129  8:43  Pylon, Stalker  
  131  8:55  Stalker x4  
  137  9:01  Photon Cannon  
  137  9:02  Probe  
  140  9:06  Photon Cannon  
  140  9:13  Blink  
  140  9:23  Zealot x5  
  140  9:24  Zealot  
  108  9:54  Colossus  
  108  10:18  Sentry  
  110  10:22  Pylon  
  110  10:32  Nexus  
  110  10:35  Assimilator  
  110  10:39  Assimilator  
  110  10:41  Pylon  
  110  10:43  Pylon  
  110  10:44  Stalker x3  
  116  10:59  Zealot  
  116  11:00  Zealot x2  
  116  11:12  Probe  
  117  11:25  Probe  
  116  11:37  Probe, Zealot x3  
  122  11:49  Probe  
  121  12:01  Probe  
  100  12:16  Stalker x3  
  100  12:18  Zealot  
Show
View Real Time Build Order
Export as new Build Order

ManlyManMeat Zerg 

Build Orders: Hatch First 

Get SALT Encoding   

  12  0:00  Drone  
  13  0:08  Drone  
  13  0:14  Extractor  
  13  0:15  Drone  
  15  0:25  Overlord  
  15  0:44  Hatchery  
  15  0:46  Drone  
  15  0:51  Drone  
  15  0:54  Drone  
  17  0:57  Drone  
  18  1:11  Extractor  
  17  1:15  Spawning Pool  
  16  1:24  Drone x2  
  18  1:30  Drone  
  19  1:42  Drone  
  20  2:01  Queen x2  
  20  2:02  Zergling x4  
  20  2:07  Overlord  
  26  2:16  Metabolic Boost  
  26  2:18  Drone  
  26  2:19  Drone  
  28  2:36  Hatchery  
  27  2:41  Drone  
  27  2:42  Drone  
  27  2:44  Drone  
  30  2:49  Drone  
  30  2:51  Drone x2  
  33  3:02  Overlord  
  33  3:04  Overlord  
  33  3:07  Drone x2  
  35  3:15  Drone  
  36  3:20  Drone x3  
  36  3:21  Drone x2  
  41  3:28  Roach Warren, Extractor  
  41  3:29  Drone  
  40  3:37  Drone x3  
  44  3:48  Drone x3  
  44  3:49  Drone x2  
  44  3:50  Drone  
  49  3:59  Overlord  
  49  4:00  Overlord  
  49  4:11  Queen  
  49  4:12  Extractor  
  50  4:18  Roach  
  50  4:19  Roach x5  
  62  4:31  Lair  
  61  4:37  Drone x2, Evolution Chamber  
  62  4:39  Roach  
  64  4:56  Overlord  
  64  4:57  Overlord x2  
  64  5:06  Roach  
  66  5:12  Spine Crawler  
  66  5:13  Drone  
  66  5:14  Drone x2, Spine Crawler  
  66  5:16  Roach x9  
  85  5:23  Zerg Missile Weapons Level 1  
  85  5:24  Roach x2  
  89  5:32  Spine Crawler  
  89  5:33  Spine Crawler  
  87  5:40  Queen  
  87  5:42  Glial Reconstitution  
  89  5:43  Overlord  
  88  5:56  Spine Crawler  
  87  6:04  Roach  
  89  6:12  Overlord x3  
  89  6:27  Spine Crawler  
  89  6:28  Drone x2, Spine Crawler  
  89  6:29  Spine Crawler  
  88  6:36  Roach  
  88  6:37  Roach x9  
  108  6:42  Hydralisk Den  
  107  6:47  Drone x4  
  111  7:00  Drone x3  
  111  7:01  Overlord x2  
  114  7:16  Spore Crawler  
  114  7:17  Zerg Ground Armor Level 1  
  113  7:30  Spore Crawler  
  113  7:32  Spore Crawler  
  113  7:33  Drone x2  
  113  7:34  Drone  
  113  7:35  Drone x3  
  117  7:37  Hydralisk x5  
  126  7:51  Hydralisk x2  
  126  7:53  Overlord x3  
  130  7:59  Overseer  
  130  8:01  Overseer  
  130  8:03  Overseer  
  130  8:05  Overseer  
  130  8:07  Pneumatized Carapace  
  130  8:09  Burrow  
  130  8:10  Hydralisk  
  130  8:11  Hydralisk  
  134  8:33  Muscular Augments  
  130  8:38  Hydralisk x3  
  130  8:39  Hatchery  
  135  9:01  Hydralisk x3  
  135  9:02  Zergling x22  
  152  9:03  Zergling x4  
  148  9:38  Overlord x2  
  148  9:39  Overlord x3  
  142  9:59  Spire  
  125  10:02  Extractor  
  106  10:07  Hydralisk x7  
  106  10:08  Overseer  
  106  10:09  Roach  
  106  10:11  Zergling x12  
  122  10:27  Hydralisk x3  
  128  10:35  Drone x3  
  113  11:17  Corruptor x5  
Tags
 
Add a new tag
Caveats
  • Supply blocks, unpowered buildings, or Contaminate may cause inaccurate times.
  • Supply counts are checked every 10 seconds.